 Dungeon Crawl Stone Soup version 0.30.0-29-ga12c61a403 (webtiles) character file.

Game seed: 12942233846213278973

72 Riddle the Magician (level 4, -4/31 HPs)
             Began as a Djinni Conjurer on June 5, 2023.
             Slain by Grinder (8 damage)
             ... on level 3 of the Dungeon.
             The game lasted 00:02:28 (1608 turns).

Riddle the Magician (Djinni Conjurer)               Turns: 1608, Time: 00:02:29

Health: -4/31      AC:  2    Str:  6    XL:     4   Next: 50%
Gold:   101        EV: 12    Int: 22    God:
                   SH:  0    Dex: 11

rFire   + + +        q - +4 mace of the Forest {flame, rElec rF+}
rCold   x . .        (no shield)
rNeg    . . .        a - +0 robe
rPois   ∞            (no helmet)
rElec   +            (no cloak)
rCorr   .            (no gloves)
SInv    .            (boots unavailable)
Will    .....        (no amulet)
Stlth   ++           (no ring)
HPRegen 0.25/turn    (no ring)
MPRegen 0.00/turn

%: infuse magic (-5 HP)
@: flying
A: sickness immunity, fire resistance 2, cold vulnerability 1, float, innate
caster, HP casting, extra vitality 1
a: no special abilities


You were on level 3 of the Dungeon.
You visited 1 branch of the dungeon, and saw 3 of its levels.

You collected 101 gold pieces.

Inventory:

Hand Weapons
 q - the +4 mace of the Forest (weapon) {flame, rElec rF+}
   (You found it on level 3 of the Dungeon)

   rF:        It protects you from fire.
   rElec:     It insulates you from electricity.
Armour
 a - a +0 robe (worn)
Scrolls
 c - a scroll of vulnerability {unknown}
 d - a scroll of noise {unknown}
 e - a scroll of enchant weapon {unknown}
 f - 4 scrolls of teleportation {unknown}
 g - a scroll of torment {unknown}
 h - 7 scrolls of identify {unknown}
 j - a scroll of amnesia {unknown}
 k - a scroll of fear {unknown}
Potions
 b - 3 potions of mutation {unknown}
 i - a potion of flight {unknown}
 l - a potion of attraction {unknown}
 m - a potion of ambrosia {unknown}
 n - a potion of heal wounds {unknown}
 o - a potion of lignification {unknown}
 p - a potion of haste {unknown}


   Skills:
 + Level 2.7 Dodging
 + Level 1.7 Stealth
 + Level 4.3 Spellcasting


You knew the following spells:

 Your Spells              Type           Power      Damage    Failure   Level
a - Magic Dart            Conj           92%        1d7       1%          1
b - Searing Ray           Conj           46%        2d6       2%          2
c - Dazzling Flash        Conj/Hex       46%        N/A       5%          3
d - Fulminant Prism       Conj/Hex       11%        3d9       19%         4
e - Iskenderun's Mystic   Conj/Tloc      23%        2d6       19%         4
f - Sandblast             Erth           46%        2d11      1%          1
Your spell library was empty.

Dungeon Overview and Level Annotations

Branches:
Dungeon (3/15)

Altars:
Nemelex Xobeh

Annotations:
D:3 1 transporter, Grinder; purpleHaze's ghost, amateur HuHu


Innate Abilities, Weirdness & Mutations

You are immune to sickness and miasma.
You are immune to poison.
Your flesh is very heat resistant. (rF++)
You are vulnerable to cold. (rC-)
You float through the air rather than walking.
You learn spells naturally, not from books.
Your magical power is your life essence.
You have superior vitality. (+4 MHP)


Message History

Casting: Searing Ray (safe; 2% risk of failure)
Confirm with . or Enter, or press ? or * to list all spells.
Aiming: Searing Ray (safe; 2% risk of failure)
Press: ? - help, Shift-Dir - straight line, f - goblin, p - Grinder
Aim: a goblin, wielding a +0 club (72% to hit)
The searing ray hits the goblin!
You kill the goblin! (Press . to maintain the ray.) Grinder barely misses you.
Casting: Searing Ray (safe; 2% risk of failure)
Confirm with . or Enter, or press ? or * to list all spells.
Restarting spell: Searing Ray (safe; 2% risk of failure)
Press: ? - help, Shift-Dir - straight line, f - Grinder
Aim: Grinder (lightly wounded, 75% to hit)
The searing ray hits Grinder.
Grinder is moderately wounded. (Press . to maintain the ray.) Grinder hits you.
The searing ray hits Grinder but does no damage.
Grinder is moderately wounded.
Grinder gestures at you. Pain shoots through your body!
* * * LOW HITPOINT WARNING * * *
Unknown command.
Unknown command.
The searing ray hits Grinder!
Grinder is heavily wounded.
* * * LOW HITPOINT WARNING * * *
Grinder hits you but does no damage.
Unknown command.
Unknown command.
Unknown command.
Unknown command.
Unknown command.
The searing ray hits Grinder!
Grinder is heavily wounded.
* * * LOW HITPOINT WARNING * * *
You finish channelling your searing ray.
Grinder hits you!
You die...

...######...# #....##
#..........####....#
#........##........##
#..........†.........
#..............##.#.#
#.###....................
#............##......####
.......#5######....#.#
..###..#@# #......#
#..).# ####.#.# #.##.#
#.#.# ... #.# #.# # ##5#
### .g


You could see Grinder.

Vanquished Creatures
  A jelly (D:3)
  An adder (D:2)
  4 ball pythons (D:1)
  4 bats
  2 endoplasms
  2 giant cockroaches
  4 hobgoblins
  3 kobolds
  A frilled lizard (D:1)
  3 goblins
  6 rats
31 creatures vanquished.

Notes
Turn   | Place    | Note
-------+----------+-------------------------------------------
     0 | D:1      | Riddle the Djinni Conjurer began the quest for the Orb.
     0 | D:1      | Riddle set off with the following spells memorised: Magic
                  | Dart, Searing Ray, Dazzling Flash, Fulminant Prism,
                  | Iskenderun's Mystic Blast.
     0 | D:1      | Reached XP level 1. HP: 15/15 MP: 0/0
    15 | D:1      | Found a sparkling altar of Nemelex Xobeh.
   283 | D:1      | Reached XP level 2. HP: 12/21 MP: 0/0
   982 | D:2      | Reached XP level 3. HP: 23/25 MP: 0/0
   982 | D:2      | Learned a level 1 spell: Sandblast
  1481 | D:3      | Reached skill level 4 in Spellcasting
  1481 | D:3      | Reached XP level 4. HP: 27/31 MP: 0/0
  1515 | D:3      | Found a transporter.
  1520 | D:3      | Noticed purpleHaze's ghost (amateur HuHu)
  1523 | D:3      | Identified the +2 great mace of Nightmares {spect, rC-
                  | Str-2 Int+2 Dex+5 SInv}
  1523 | D:3      | Noticed an ogre
  1552 | D:3      | Identified the +4 mace of the Forest {flame, rElec rF+}
  1595 | D:3      | Noticed Grinder
  1599 | D:3      | Paralysed by Grinder for 5 turns
  1608 | D:3      | Slain by Grinder

Illustrated notes

Levels and vault maps discovered:
D:1:      dpeg_arrival_water_altar, layout_basic, minmay_misc_feat_room,
          minivault_19, ebering_dispersal_statue_hall
D:2:      layout_rooms, serial_forest, infiniplex_forest_lined_3,
          infiniplex_forest_straight_4, infiniplex_forest_clump_small,
          infiniplex_forest_end_2, infiniplex_forest_straight_2,
          infiniplex_forest_end_2, infiniplex_forest_end_1,
          infiniplex_forest_lined_corner, serial_park_tiny_1
D:3:      layout_basic, lemuel_coloured_pillars_altar, gammafunk_ghost_smash,
          minivault_5, uniq_grinder, uniq_crazy_yiuf_cottage, uniq_natasha

Skill      XL: |  1  2  3 |
---------------+----------+-----
Spellcasting   | 4 |  4.3
Dodging        | |  2.7
Stealth        | |  1.7

Action                     |  1- 3 |  4- 6 || total
---------------------------+-------+-------++-------
  Melee: Unarmed           |     5 |       ||     5
   Cast: Magic Dart        |    46 |     8 ||    54
         Searing Ray       |     1 |     3 ||     4
 Armour: Robe              |     3 |     4 ||     7
  Dodge: Dodged            |     3 |     1 ||     4
